 Dungeon Crawl Stone Soup version 0.23.0 (webtiles) character file.

Game seed: 3005860390303277242

155 KamiKatze the Chopper (level 5, -1/47 HPs)
             Began as a Hill Orc Fighter on Feb 8, 2019.
             Slain by Sigmund
             ... wielding a +0 scythe
              (5 damage)
             ... on level 3 of the Dungeon.
             The game lasted 00:06:48 (1640 turns).

KamiKatze the Chopper (Hill Orc Fighter)            Turns: 1640, Time: 00:06:48

Health: -1/47      AC:  8    Str: 25    XL:     5   Next: 37%
Magic:  5/5        EV:  8    Int:  8    God:
Gold:   70         SH: 10    Dex: 10    Spells: 4/4 levels left

rFire    . . .     SeeInvis .   a - +0 war axe
rCold    . . .     Gourm    .   c - +0 shield
rNeg     . . .     Faith    .   b - +0 scale mail
rPois    +         Spirit   .   (no helmet)
rElec    .         Reflect  .   (no cloak)
rCorr    .         Harm     .   p - +0 pair of gloves (curse)
MR       .....                  (no boots)
Stlth    ..........             (no amulet)
HPRegen  0.15/turn              k - ring of poison resistance
MPRegen  0.09/turn              (no ring)

@: mighty
A: no striking features
a: no special abilities


You were on level 3 of the Dungeon.
You were not hungry.

You visited 1 branch of the dungeon, and saw 3 of its levels.

You collected 70 gold pieces.

Inventory:

Hand Weapons
 a - a +0 war axe (weapon)
Missiles
 j - 38 stones (quivered)
 t - 8 tomahawks
 u - a throwing net
Armour
 b - a +0 scale mail (worn)
 c - a +0 shield (worn)
 p - a cursed +0 pair of gloves (worn)
Jewellery
 k - a ring of poison resistance (left hand)
 n - an uncursed amulet of guardian spirit {unknown}
 o - an uncursed ring of fire {unknown}
Wands
 g - a wand of random effects (9)
Scrolls
 e - 4 scrolls of identify {unknown}
 h - a scroll of immolation {unknown}
 i - 3 scrolls of remove curse {unknown}
 m - a scroll of amnesia {unknown}
 q - a scroll of enchant armour {unknown}
 r - a scroll of fear {unknown}
Potions
 d - a potion of might
 l - 2 potions of mutation {unknown}
 s - a potion of magic {unknown}
 v - a potion of brilliance {unknown}
Comestibles
 f - 2 rations
 w - a chunk of flesh


   Skills:
 + Level 4.3 Fighting
 * Level 4.7 Axes
 + Level 4.0 Armour
 + Level 1.2 Dodging
 + Level 4.0 Shields


You had 4 spell levels left.
You didn't know any spells.
Your spell library contained the following spells:

 Spells                   Type           Power        Failure   Level  Hunger
 Animate Skeleton         Necr           N/A          99%         1    ##.....
 Apportation              Tloc           #.....       99%         1    ##.....
 Confusing Touch          Hex            #.....       99%         1    ##.....
 Summon Small Mammal      Summ           #...         99%         1    ##.....


Dungeon Overview and Level Annotations

Branches:
Dungeon (3/15)

Altars:
The Shining One

Annotations:
D:3 Sigmund


Message History

Your shield and scale mail prevent you from hitting something.
The hobgoblin shouts!
Something hits you.
You miss something. Something hits you.
You miss something. Something hits you!
You closely miss something.
You hear some strange, mumbled words.
A puff of flame appears from out of thin air!
The puff of flame hits you!
* * * LOW HITPOINT WARNING * * *
You slash something! You hit the hobgoblin but do no damage.
The hobgoblin hits you with a +0 club.
* * * LOW HITPOINT WARNING * * *
Something hits you.
* * * LOW HITPOINT WARNING * * *
The hobgoblin closely misses you.
You miss something.
Your shield prevents you from hitting the hobgoblin.
Something hits you.
You die...

#. #..##.# #.
#####..##.# ######.
##.....###.#
.....#.######..###.#
#.# #...........## #...
. #..%...##### ###.#
.≈..#.....# ...
.≈...#....# ## ...
.≈..#...g@######.. #.#
≈..#.....{.......# ..
###.......##.....######
.........##.###.......
.....%....##gg.<.#
####.#####...##### #.
#...## # #....#
#....###


You could see a hobgoblin.

Vanquished Creatures
  Ijyb (D:2)
  Natasha (D:3)
  3 adders (D:2)
  3 oozes (D:1)
  A worm (D:2)
  A dart slug (D:2)
  3 leopard geckos
  4 bats
  5 giant cockroaches
  3 goblins
  12 hobgoblins
  A quokka (D:2)
  2 frilled lizards (D:1)
  9 kobolds
  8 rats
57 creatures vanquished.

Notes
Turn   | Place    | Note
-------+----------+-------------------------------------------
     0 | D:1      | KamiKatze the Hill Orc Fighter began the quest for the Orb.
     0 | D:1      | Reached XP level 1. HP: 19/19 MP: 1/1
     9 | D:1      | Reached XP level 2. HP: 27/27 MP: 2/2
   162 | D:1      | Reached XP level 3. HP: 28/33 MP: 3/3
   730 | D:2      | Found a glowing golden altar of the Shining One.
   789 | D:2      | Reached XP level 4. HP: 37/40 MP: 4/4
   924 | D:2      | Found a faded altar of an unknown god.
   982 | D:2      | Reached skill level 1 in Dodging
  1341 | D:3      | Noticed Ijyb
  1370 | D:2      | Killed Ijyb
  1370 | D:2      | Reached XP level 5. HP: 16/46 MP: 5/5
  1588 | D:3      | Noticed Natasha
  1598 | D:3      | Killed Natasha
  1623 | D:3      | Noticed Sigmund
  1640 | D:3      | Slain by Sigmund

Skill      XL: |  1  2  3  4  5 |
---------------+----------------+-----
Axes           | 3 4 |  4.7
Fighting       | 4 |  4.3
Dodging        | 1 |  1.2
Armour         | 4 |  4.0
Shields        | 4 |  4.0

Action                   |  1- 3 |  4- 6 || total
-------------------------+-------+-------++-------
Melee: War axe           |    97 |   106 ||   203
  Use: Potion            |       |     1 ||     1
  Eat: Chunk             |       |     3 ||     3
Armor: Scale mail        |    51 |    49 ||   100
Dodge: Dodged            |    33 |    40 ||    73
Block: Shield            |    54 |    61 ||   115
